 Dungeon Crawl Stone Soup version 0.29.1-15-g9cfb28693d (webtiles) character file.

Game seed: 2749428553015396637

2380 tizbic2 the Covert (level 9, -7/58 (68) HPs)
             Began as a Vampire Fighter on Apr 17, 2023.
             Was a Priest of Dithmenos.
             Mangled by a gnoll
             ... wielding a +0 halberd of draining
              (10 damage)
             ... in a bailey.
             The game lasted 00:32:27 (6659 turns).

tizbic2 the Covert (Vampire Fighter)                Turns: 6659, Time: 00:32:27

HP:   -7/58 (68)    AC:  7    Str: 17    XL:     9   Next: 22%
MP:   10/14         EV: 10    Int: 11    God:    Dithmenos [***...]
Gold: 380           SH: 10    Dex: 15    Spells: 10/14 levels left

rFire   . . .      SeeInvis +   M - +4 dagger (vamp)
rCold   . . .      Faith    .   b - +0 buckler
rNeg    . . .      Spirit   .   i - +0 ring mail
rPois   .          Reflect  +   x - +0 helmet
rElec   .          Harm     .   f - scarf {+Inv}
rCorr   +          Rampage  .   (no gloves)
Will    .....                   (no boots)
Stlth   +++++.....              z - amulet of reflection
HPRegen 0.39/turn               E - ring of resist corrosion
MPRegen 0.14/turn               (no ring)

@: healing quickly, hasted, wreathed by umbra, heavily drained, very quick
A: alive, fangs 3, see invisible, vampiric 2
a: Exsanguinate, Renounce Religion, Evoke Invisibility, Shadow Step


You were in a bailey.
You worshipped Dithmenos.
Dithmenos was most pleased with you.
You visited 1 branch of the dungeon, and saw 8 of its levels.
You also visited: Bailey.

You collected 380 gold pieces.

Inventory:

Hand Weapons
 a - a +5 vorpal halberd
 w - a +2 sling of freezing
 G - a +4 flail of protection
 M - a +4 vampiric dagger (weapon)
Missiles
 h - 78 stones (quivered)
 m - 11 poisoned darts
 B - 6 boomerangs
 H - 7 javelins
Armour
 b - a +0 buckler (worn)
 f - a scarf of invisibility (worn)
 i - a +0 ring mail (worn)
 r - a +0 scale mail
 x - a +0 helmet (worn)
Magical Staves
 s - a staff of cold
Jewellery
 n - an amulet of guardian spirit
 z - an amulet of reflection (around neck)
 E - a ring of resist corrosion (left hand)
Wands
 c - a wand of quicksilver (1)
 u - a wand of polymorph (20)
 F - a wand of digging (4)
 I - a wand of paralysis (18)
 J - a wand of roots (21)
Scrolls
 e - 4 scrolls of vulnerability
 g - a scroll of magic mapping
 l - 2 scrolls of butterflies
 o - 2 scrolls of immolation
 p - a scroll of noise {unknown}
 v - 2 scrolls of teleportation
 C - 2 scrolls of silence
 D - a scroll of poison {unknown}
Potions
 d - 6 potions of curing
 j - 4 potions of heal wounds {unknown}
 k - a potion of resistance {unknown}
 q - 2 potions of mutation {unknown}
 t - a potion of flight {unknown}
 A - a potion of attraction
 L - 3 potions of cancellation {unknown}


   Skills:
 + Level 5.1 Fighting
 * Level 2.9 Short Blades
 - Level 1.2 Maces & Flails
 - Level 3.0 Polearms
 - Level 4.3 Armour
 + Level 9.4 Stealth
 - Level 4.2 Shields
 - Level 2.7 Unarmed Combat
 - Level 3.4 Spellcasting
 - Level 1.2 Hexes
 - Level 3.5 Ice Magic


You had 10 spell levels left.
You knew the following spells:

 Your Spells              Type           Power      Damage    Failure   Level
a - Freeze                Ice            36%        1d6       13%         1
b - Frozen Ramparts       Ice            18%        1d3       36%         3

Your spell library contained the following spells:

 Spells                   Type           Power      Damage    Failure   Level
 Hailstorm                Conj/Ice       5%         3d4       95%         4
 Olgreb's Toxic Radiance  Pois           1%         N/A       99%         4
 Ozocubu's Refrigeration  Ice            4%         4d8       100%        7
 Ignition                 Fire           0%         3d3       100%        8
 Chain Lightning          Conj/Air       0%         2d1       100%        9
 Fire Storm               Conj/Fire      0%         6d1       100%        9
 Shatter                  Erth           0%         3d5*      100%        9


Dungeon Overview and Level Annotations

Branches:
Dungeon (8/15)             Temple (0/1) D:6          Bailey (1/1)
   Lair: D:8-11

Altars:
Cheibriados
Dithmenos
Gozag
Makhleb
Qazlal
Ru
Trog
Vehumet
Yredelemnul

Annotations:
D:8 Erica


Innate Abilities, Weirdness & Mutations

Your natural rate of healing is accelerated.
You have razor-sharp teeth.
You have supernaturally acute eyesight. (SInv)
You are afflicted with vampirism and can become a bat while bloodless.


Message History

You are electrocuted!!
* * * LOW HITPOINT WARNING * * *
You block the gnoll's attack. The gnoll barely misses you.
The gnoll hits you from afar with a +0 halberd of electrocution.
* * * LOW HITPOINT WARNING * * *
You block the orc warrior's attack.
You see here a potion of haste.
There is an open door here.
Okay, then.
You feel drained.
You fail to use your ability.
The gnoll barely misses you. The gnoll closely misses you.
The gnoll hits you but does no damage.
Okay, then.
Things that are here:
a +2 halberd of draining; a gnoll corpse
There is an open door here.
You see here a +1 halberd of electrocution.
Which direction?
You close the door.
A gnoll breaks down the door.
There is an open door here.
There is an open door here.
Aiming: Shadow Step
Press: ? - help, Dir - move target, f - gnoll
Aim: a gnoll, wielding a +1 halberd of draining (umbra)
You step into the gnoll's shadow.
You block the gnoll's attack. x2
Aiming: Shadow Step
Press: ? - help, Dir - move target, f - orc warrior, p - gnoll
Aim: an orc warrior, wielding a +2 halberd of electrocution and wearing a +0 plate armour (wandering, hasn't noticed you, umbra)
You fail to use your ability.
You block the gnoll's attack.
The gnoll hits you with a +1 halberd of draining!
* * * LOW HITPOINT WARNING * * *
You feel drained.
* * * LOW HITPOINT WARNING * * *
The gnoll hits you from afar with a +0 halberd of electrocution.
* * * LOW HITPOINT WARNING * * *
The orc warrior shouts!
You feel yourself speed up. The gnoll barely misses you.
The gnoll completely misses you. The gnoll closely misses you.
The orc warrior misses you.
The gnoll hits you with a +0 halberd of draining!
You die...

#)'..⌠..')#)'..∩..')#
###.....#####.....###
##.....## ##.....##
##'##'##'###'##'##'##
#)###)###)#)###.###)#
#'# ### ##### ### ###
#)###)###)#g#
##'##'##'###'##+##+
##.@...## #..!.!#
###..g.g### #...!.#
#)'..⌠..o)# +o.⌠.!+
###...g.### #.!.!.#
##.....## ##!.!.!#
##'##'##'###'##+##+
#)###.###)')## ###
### #####


You could see an orc warrior and 3 gnolls.

Vanquished Creatures
  Edmund (D:6)
  Duvessa (D:7)
  An orc warrior (D:8)
  2 ice beasts
  2 ogres
  A centaur (D:6)
  A bullfrog (D:8)
  A kobold brigand (D:8)
  2 necrophages
  A gnoll sergeant (D:8)
  5 scorpions
  Dowan (D:7)
  2 howler monkeys (D:8)
  3 electric eels (D:6)
  A gnoll bouda (D:7)
  7 hounds
  4 orc priests
  3 iguanas
  An orc wizard (D:8)
  22 gnolls
  2 adders
  3 white imps
  3 ufetubi
  A worm (D:3)
  4 dart slugs
  25 orcs
  6 endoplasms
  A giant cockroach (D:2)
  5 goblins
  6 hobgoblins
  9 kobolds
  A quokka (D:5)
  3 ball pythons
  2 bats (D:1)
  3 frilled lizards
  2 rats
138 creatures vanquished.

Vanquished Creatures (others)
  An orc (D:8)
  A kobold (D:8)
  5 plants (D:6)
7 creatures vanquished.

Grand Total: 145 creatures vanquished

Notes
Turn   | Place    | Note
-------+----------+-------------------------------------------
     0 | D:1      | tizbic2 the Vampire Fighter began the quest for the Orb.
     0 | D:1      | Reached XP level 1. HP: 17/17 MP: 1/1
    39 | D:1      | Reached XP level 2. HP: 13/23 MP: 2/2
   654 | D:1      | Gained mutation: You are afflicted with vampirism and can
                  | become a bat while bloodless. [Vampire growth]
   654 | D:1      | Reached XP level 3. HP: 17/26 MP: 3/3
  1388 | D:2      | Found a faded altar of an unknown god.
  1444 | D:2      | Prayed at the altar of an unknown god.
  1444 | D:2      | Became a worshipper of Dithmenos the Shadowed
  1444 | D:2      | Reached * piety under Dithmenos
  1934 | D:3      | Found a radiant altar of Vehumet.
  2205 | D:3      | Reached skill level 1 in Stealth
  2477 | D:4      | Reached XP level 4. HP: 31/31 MP: 2/4
  2506 | D:4      | Reached skill level 2 in Stealth
  2506 | D:4      | Reached skill level 1 in Hexes
  2575 | D:4      | Reached XP level 5. HP: 36/41 MP: 4/6
  2680 | D:4      | Reached skill level 1 in Polearms
  2680 | D:4      | Reached skill level 3 in Stealth
  2680 | D:4      | Reached skill level 1 in Spellcasting
  2795 | D:4      | Noticed an ogre
  2801 | D:4      | Killed an ogre
  2802 | D:4      | Reached XP level 6. HP: 47/47 MP: 6/8
  2818 | D:4      | Found an opulent altar of Gozag.
  2822 | D:4      | Reached skill level 1 in Ice Magic
  2914 | D:4      | Learned a level 1 spell: Freeze
  2915 | D:5      | Entered Level 5 of the Dungeon
  3047 | D:5      | Reached skill level 4 in Stealth
  3048 | D:5      | Reached ** piety under Dithmenos
  3300 | D:5      | Reached skill level 5 in Stealth
  3300 | D:5      | Reached XP level 7. HP: 53/53 MP: 8/10
  3511 | D:5      | Reached skill level 6 in Stealth
  3557 | D:6      | Found a sacrificial altar of Ru.
  3592 | D:6      | Found a staircase to the Ecumenical Temple.
  3650 | D:6      | Found a stormy altar of Qazlal.
  3833 | D:6      | Reached XP level 8. HP: 52/60 MP: 11/11
  3852 | D:6      | Noticed Edmund
  3865 | D:6      | Killed Edmund
  3866 | D:6      | Reached skill level 7 in Stealth
  4783 | D:7      | Reached skill level 8 in Stealth
  4946 | D:7      | Found a bloodstained altar of Trog.
  4948 | D:7      | Found a basalt altar of Yredelemnul.
  4948 | D:7      | Found a snail-covered altar of Cheibriados.
  5092 | D:7      | Noticed Duvessa
  5102 | D:7      | Noticed Dowan
  5112 | D:7      | HP: 3/61 [Duvessa/+2 short sword of holy wrath (1)]
  5113 | D:7      | Killed Duvessa
  5119 | D:7      | Killed Dowan
  5263 | D:7      | Found a burning altar of Makhleb.
  5281 | D:7      | Learned a level 3 spell: Frozen Ramparts
  5891 | D:8      | Reached skill level 1 in Maces & Flails
  6069 | D:8      | Reached XP level 9. HP: 53/66 MP: 14/14
  6083 | D:8      | Reached *** piety under Dithmenos
  6088 | D:8      | Reached skill level 1 in Short Blades
  6088 | D:8      | Reached skill level 9 in Stealth
  6211 | D:8      | Noticed Erica
  6218 | D:8      | Reached skill level 5 in Fighting
  6286 | D:8      | Found a flagged portal.
  6429 | Bailey   | Entered a bailey
  6656 | Bailey   | HP: 2/58 [gnoll/+0 halberd of electrocution (2)]
  6659 | Bailey   | Mangled by a gnoll

Illustrated notes

Levels and vault maps discovered:
D:1:      tarquinn_simple_flora_water_a, layout_loops_ring
D:2:      layout_basic, nicolae_ecumenical_pavilion
D:3:      layout_basic, nicolae_overflow_hidden_temple,
          nicolae_elevator_lobby_plus
D:4:      layout_cave_pools, mainiacjoe_overflow_cross_hatched
D:5:      layout_basic, kennysheep_generic_room_7
D:6:      layout_gridville, grunt_qazlal_sundering,
          mainiacjoe_overflow_concentric_impassable,
          minmay_temple_entry_junction, chequers_arboretum,
          corexii_hall_statues_l, minmay_misc_feat_square, serial_bayou_lake_a,
          uniq_edmund
D:7:      layout_basic, makhleb_heckhound_becter,
          chequers_temple_overflow_statue_of_worship,
          hangedman_abyss_or_decor_slice, uniq_duvessa
D:8:      layout_gridville, enter_bailey_6, uniq_erica
Bailey:   bailey_polearm_nasty_gnolls, bailey

Skill      XL: |  1  2  3  4  5  6  7  8  9 |
---------------+----------------------------+-----
Fighting       | 3 4 5 |  5.1
Shields        | 3 4 |  4.2
Stealth        | 1 2 3 5 6 8 9 |  9.4
Armour         | 3 4 |  4.3
Hexes          | 1 |  1.2
Polearms       | 1 2 3 |  3.0
Spellcasting   | 1 2 3 |  3.4
Ice Magic      | 1 2 3 |  3.5
Maces & Flails | 1 |  1.2
Short Blades   | 2 |  2.9
Unarmed Combat | |  2.7

Action                   |  1- 3 |  4- 6 |  7- 9 || total
-------------------------+-------+-------+-------++-------
Melee: Unarmed           |    88 |       |       ||    88
       Bite              |     8 |     7 |    26 ||    41
       Halberd           |    27 |    64 |   110 ||   201
       Flail             |       |       |    34 ||    34
       Dagger            |       |       |   138 ||   138
 Fire: Sling             |       |       |     8 ||     8
       Shortbow          |       |       |     7 ||     7
Throw: Stone             |     4 |     8 |     2 ||    14
       Boomerang         |       |     1 |     1 ||     2
       Dart              |       |       |     2 ||     2
       Javelin           |       |       |     3 ||     3
 Cast: Frozen Ramparts   |       |       |     2 ||     2
Invok: Shadow Step       |       |       |     1 ||     1
 Abil: Exsanguinate      |     1 |       |       ||     1
       Revivify          |     1 |       |       ||     1
Evoke: Wand              |       |       |     1 ||     1
  Use: Scroll            |     6 |       |     7 ||    13
       Potion            |       |       |     2 ||     2
 Stab: Sleeping          |       |     2 |    20 ||    22
Armor: Scale mail        |    47 |     8 |       ||    55
       Ring mail         |       |    10 |    67 ||    77
Dodge: Dodged            |    43 |    33 |   142 ||   218
Block: Buckler           |    18 |       |   114 ||   132
       Other             |       |     2 |    29 ||    31
       Reflection        |       |       |     3 ||     3
